 Dungeon Crawl Stone Soup version 0.22-a0-422-g9628fc87f1 (webtiles) character file.

219254 Kriby the Severer (level 18, -28/167 HPs)
             Began as a Hill Orc Fighter on May 17, 2018.
             Was the Champion of Beogh.
             Annihilated by an orc knight
             ... wielding a +1 great mace
              (38 damage)
             ... on level 1 of the Orcish Mines.
             The game lasted 01:12:44 (33974 turns).

Kriby the Severer (Hill Orc Fighter)               Turns: 33974, Time: 01:12:45

Health: -28/167    AC: 21    Str: 27    XL:     18   Next: 64%
Magic:  28/28      EV: 16    Int:  8    God:    Beogh [******]
Gold:   2089       SH: 16    Dex: 10    Spells: 17/17 levels left

rFire    + . .     SeeInvis .   d - +0 war axe (flame)
rCold    + + .     Gourm    .   c - +2 shield {rC+}
rNeg     . . .     Faith    +   E - +0 swamp dragon scales
rPois    +         Spirit   .   (helmet restricted)
rElec    .         Reflect  .   A - +2 cloak {rC+}
rCorr    .         Harm     .   H - +0 pair of gloves
MR       ++...                  (no boots)
Stlth    ..........             U - amulet of faith
HPRegen  0.77/turn              G - +4 ring of protection
MPRegen  0.21/turn              K - ring of protection from fire

@: no status effects
A: walk on water, horns 1, rugged brown scales 1, magic resistance 1,
regeneration 1
}: 2/15 runes: decaying, gossamer
a: Smiting, Recall Orcish Followers, Give Item to Named Follower, Resurrection,
Renounce Religion


You were on level 1 of the Orcish Mines.
You worshipped Beogh.
Beogh was exalted by your worship.
You were very hungry.

You visited 5 branches of the dungeon, and saw 30 of its levels.
You also visited: Ossuary and Ice Cave.

You collected 2754 gold pieces.
You spent 665 gold pieces at shops.

Inventory:

Hand Weapons
 a - a +0 battleaxe of freezing
 d - a +0 war axe of flaming (weapon)
 i - a +1 antimagic battleaxe
 M - a +0 glaive of protection
 T - a +0 broad axe
 X - a +2 battleaxe of freezing
 Z - a +0 glaive
Armour
 c - a +2 shield of cold resistance (worn)
 m - +4 fire dragon scales
 n - a +1 plate armour
 y - a +2 helmet
 A - a +2 cloak of cold resistance (worn)
 D - the +8 chain mail of the Little Devil {rN+ rCorr Str+3 Int-3}
   (You found it on level 4 of the Swamp)

   It affects your strength (+3).
   It affects your intelligence (-3).
   It protects you from negative energy.
   It protects you from acid and corrosion.
 E - +0 swamp dragon scales (worn)
 H - a +0 pair of gloves (worn)
Jewellery
 r - an uncursed ring of positive energy
 G - a +4 ring of protection (left hand)
 K - a ring of protection from fire (right hand)
 P - an uncursed amulet of regeneration
 Q - an uncursed ring of protection from magic
 U - an amulet of faith (around neck)
 W - the amulet of the Original Sin {Acrobat Str+3 Dex+4}
   (You found it on level 2 of the Swamp)

   [amulet of the acrobat]

   It helps you evade while moving and waiting.
   It affects your strength (+3).
   It affects your dexterity (+4).
Wands
 t - a wand of flame (50)
 v - a wand of disintegration (29)
 x - a wand of clouds (1)
 J - a wand of digging (17)
 L - a wand of acid (1)
 S - a wand of iceblast (3)
Scrolls
 e - 2 scrolls of fear
 g - 20 scrolls of identify
 h - a scroll of blinking
 j - a scroll of silence
 k - 13 scrolls of remove curse
 l - 24 scrolls of teleportation
 u - 7 scrolls of magic mapping
 B - 8 scrolls of enchant weapon
 F - 6 scrolls of amnesia
 V - 2 scrolls of fog
Potions
 b - 2 potions of might
 o - 2 potions of magic
 p - a potion of haste
 q - 4 potions of agility
 s - 6 potions of curing
 w - 5 potions of lignification
 z - 4 potions of cancellation
 C - 2 potions of resistance
 I - 8 potions of mutation
 N - 4 potions of brilliance
 O - 5 potions of ambrosia
 R - 2 potions of flight
Miscellaneous
 Y - a lamp of fire
Comestibles
 f - 56 rations


   Skills:
 + Level 15.1 Fighting
 - Level 19.0 Axes
 + Level 14.0 Armour
 + Level 11.0 Dodging
 + Level 15.1 Shields
 + Level 14.0 Invocations


You had 17 spell levels left.
You didn't know any spells.
Your spell library contained the following spells:

 Spells                   Type           Power        Failure   Level  Hunger
 Fireball                 Conj/Fire      #.........   100%        5    ######.
 Conjure Flame            Conj/Fire      #.......     86%         3    ####...
 Bolt of Cold             Conj/Ice       #.........   100%        6    #######
 Confuse                  Hex            #.......     86%         3    ####...
 Throw Flame              Conj/Fire      #.....       65%         2    ###....
 Throw Frost              Conj/Ice       #.....       65%         2    ###....
 Freezing Cloud           Conj/Ice/Air   #.........   100%        6    #######
 Mephitic Cloud           Conj/Pois/Air  #.......     86%         3    ####...
 Ring of Flames           Chrm/Fire      #.........   100%        7    #######
 Freeze                   Ice            #...         50%         1    ##.....
 Ozocubu's Refrigeration  Ice            #.........   100%        6    #######
 Sticky Flame             Conj/Fire      #.......     99%         4    #####..
 Summon Ice Beast         Ice/Summ       #.......     99%         4    #####..
 Ozocubu's Armour         Chrm/Ice       #.......     86%         3    ####...
 Sublimation of Blood     Necr           #.........   65%         2    ###....
 Stone Arrow              Conj/Erth      #.....       86%         3    ####...
 Spider Form              Tmut/Pois      #.........   86%         3    ####...
 Blade Hands              Tmut           #.........   100%        5    ######.
 Statue Form              Tmut/Erth      #........    100%        6    #######
 Ice Form                 Ice/Tmut       #.......     99%         4    #####..
 Dragon Form              Tmut           #.........   100%        7    #######
 Throw Icicle             Conj/Ice       #.......     99%         4    #####..
 Confusing Touch          Hex            #.....       50%         1    ##.....
 Flame Tongue             Conj/Fire      #....        50%         1    ##.....
 Passwall                 Tmut/Erth      #.........   65%         2    ###....
 Ignite Poison            Fire/Tmut/Pois #.......     86%         3    ####...
 Sticks to Snakes         Tmut           #.......     65%         2    ###....
 Metabolic Englaciation   Hex/Ice        #.........   100%        5    ######.
 Alistair's Intoxication  Tmut/Pois      #.......     100%        5    ######.
 Lee's Rapid Deconstruct  Erth           #.........   100%        5    ######.
 Sandblast                Erth           #.....       50%         1    ##.....
 Simulacrum               Ice/Necr       #.........   100%        6    #######
 Petrify                  Tmut/Erth      #.......     99%         4    #####..
 Inner Flame              Hex/Fire       #.......     86%         3    ####...
 Beastly Appendage        Tmut           #.....       50%         1    ##.....
 Hydra Form               Tmut           #.........   100%        6    #######
 Irradiate                Conj/Tmut      #.........   100%        5    ######.
 Gell's Gravitas          Tloc           #.........   86%         3    ####...
 Yara's Violent Unravell  Hex/Tmut       #.........   100%        5    ######.
 Poisonous Vapours        Pois/Air       #.....       65%         2    ###....


Dungeon Overview and Level Annotations

Branches:
Dungeon (15/15)            Temple (0/1) D:4            Lair (6/6) D:9
  Swamp (4/4) Lair:3       Spider (4/4) Lair:3        Slime (0/5) Lair:6
    Orc (1/2) D:10         Depths (0/5) D:15
 Vaults: D:13-14

Altars:
Ashenzari
Cheibriados
Fedhas
Hepliaklqana
Makhleb
Nemelex Xobeh
Okawaru
Trog
Vehumet
Xom
Zin

Shops:
D:5 (=   D:7 :   D:8 !   D:14 *   Orc:1 (%:=

Annotations:
D:13 exclusion: 3 oklob plants
D:14 2 exclusions


Innate Abilities, Weirdness & Mutations

You can walk on water.
You have a pair of small horns on your head.
You are partially covered in rugged brown scales. (AC +1, +3% HP)
You are resistant to hostile enchantments. (MR+)
Your natural rate of healing is unusually fast.


Message History

The orc knight is moderately wounded.
You barely miss the orc knight. The orc knight hits you with a war axe!
The orc knight closely misses your orc sorcerer zombie.
Your orc knight roars a battlecry!
Your orc sorcerer zombie closely misses the orc knight.
You hit the orc knight but do no damage.
The orc knight is moderately wounded.
You slash the orc knight! You burn the orc knight.
The orc knight hits you with an enchanted great mace!!
* * * LOW HITPOINT WARNING * * *
You hit the orc knight. You burn the orc knight.
The orc knight is moderately wounded.
You barely miss the orc knight.
The orc knight no longer looks unusually strong.
Wargath no longer looks unusually strong.
The orc knight hits you with a war axe!
* * * LOW HITPOINT WARNING * * *
The orc knight hits your orc sorcerer zombie but does no damage.
The orc knight hits you with an enchanted great mace!!!
You die...

##
##.##....oooooo...
#.#
##.##.......#o.ooo
....#
##...##.....####.##
...#.##.#.#####...#
#### .......o.oo#
#...# #.
......oo#o## ##.##
## ..≈≈≈§#oo#§§ ###
# ..≈§≈≈#oZ#≈≈≈≈
..≈§o§#o@#≈§≈≈.
.#≈≈§ #oo#.§§≈# ###
#∩..∩ #. ...))..
.........
####∩..∩### .#..#.
.≈#..#§


You could see 2 orc knights, the friendly Wargath the orc warlord, the friendly
Wulfoc the orc warlord, 3 friendly orc knights, 2 friendly orc warriors, the
friendly Gorm the orc warrior, a friendly orc and a friendly orc sorcerer
zombie.

Vanquished Creatures
  the Lernaean hydra (Swamp:4)
  Nikola (Swamp:4)
  Rupert (D:15)
  Frances (D:12)
  A thorn hunter (Swamp:3)
  A frost giant (IceCv)
  4 ghost moths
  Louise (D:14)
  Aizul (Swamp:3)
  7 emperor scorpions
  A fire dragon (D:15)
  Fannar (Lair:3)
  An ice dragon (D:15)
  An ogre mage (Orc:1)
  15 hydras
  4 ghost crabs
  A catoblepas (Lair:6)
  A death knight (D:14)
  2 centaur warriors
  6 death yaks
  2 two-headed ogres
  10 alligators
  Sonja (Lair:1)
  3 skeletal warriors (D:12)
  An unseen horror (D:10)
  A deep troll (Orc:1)
  An orc knight (Orc:1)
  12 swamp dragons
  3 shambling mangroves
  2 phantasmal warriors (D:14)
  Pikel (D:7)
  11 wolf spiders
  A manticore (D:15)
  An orc sorcerer (Orc:1)
  10 orb spiders
  An oklob plant (Lair:6)
  4 ugly things (D:14)
  A moth of wrath (shapeshifter) (D:15)
  5 elephants
  A moth of wrath (Spider:1)
  Joseph (D:7)
  2 ice statues (IceCv)
  A torpor snail (Lair:5)
  A black mamba (Lair:6)
  9 spiny frogs
  6 demonic crawlers
  A tengu conjurer (D:13)
  The ghost of Execuda the Cudgeler, a novice GrGl of Okawaru (D:7)
  2 kobold demonologists (D:15)
  3 komodo dragons
  9 tyrant leeches
  A queen bee (D:9)
  3 trolls
  13 hornets
  18 polar bears
  Grinder (D:4)
  12 jumping spiders
  A meliai zombie (D:15)
  8 blink frogs
  7 slime creatures
  2 bog bodies (Swamp:2)
  3 hippogriffs
  A centaur simulacrum (D:15)
  34 redbacks
  2 shadows
  4 spriggans
  12 tarantellas
  36 yaks
  3 wraiths
  3 wyverns
  Eustachio (D:4)
  A steam dragon (Lair:2)
  2 hungry ghosts
  14 vampire mosquitoes
  4 basilisks
  3 wargs (Orc:1)
  5 insubstantial wisps (Swamp:1)
  9 swamp worms
  7 porcupines
  5 water moccasins
  Duvessa (D:4)
  2 sky beasts
  13 swamp drakes
  An orc warrior (D:9)
  A slave (D:7)
  A black bear (Lair:6)
  13 ice beasts
  A necrophage (D:11)
  2 eyes of draining
  A phantom (D:4)
  2 ogres
  2 boggarts (D:13)
  13 wolves
  8 centaurs
  9 crocodiles
  5 big kobolds
  An elf zombie (Ossuary)
  13 bullfrogs
  A wyvern zombie (D:14)
  A water moccasin zombie (D:8)
  Dowan (D:4)
  4 scorpions
  18 killer bees
  2 electric eels
  6 wights
  7 howler monkeys
  3 crimson imps
  A quasit (D:6)
  3 centaur zombies
  7 jellies
  An iron imp (D:6)
  4 centaur skeletons
  6 hounds
  6 orc priests
  11 orc wizards
  Ijyb (D:4)
  3 iguanas
  9 worker ants
  3 hound skeletons
  3 mummies (Ossuary)
  Robin (D:2)
  A howler monkey skeleton (D:7)
  20 adders
  2 shadow imps
  2 adder skeletons
  3 worms
  4 dart slugs
  5 leopard geckos
  31 orcs
  5 bats
  4 giant cockroaches
  A gnoll zombie (Ossuary)
  13 goblins
  5 hobgoblins
  8 jackals
  14 kobolds
  5 quokkas
  3 ball pythons
  3 frilled lizards
  3 goblin zombies (Ossuary)
  3 hobgoblin zombies (Ossuary)
  A kobold zombie (Ossuary)
  An orc zombie (D:6)
  5 rats
  A bush (Lair:6)
  9 fungi
  12 plants (Lair:6)
730 creatures vanquished.

Vanquished Creatures (collateral kills)
  Roxanne (D:15)
  An emperor scorpion (Spider:4)
  A ghost moth (Spider:4)
  Nessos (D:12)
  An entropy weaver (Spider:3)
  A dire elephant (Lair:6)
  2 spark wasps (Spider:3)
  2 hydras
  A catoblepas (Lair:6)
  A tengu warrior (D:13)
  A two-headed ogre (D:11)
  8 death yaks
  Urug (D:12)
  A deep troll shaman (Lair:6)
  2 skeletal warriors (D:12)
  2 swamp dragons (Swamp:2)
  2 orc knights (Orc:1)
  An orb spider (Spider:4)
  2 oklob plants
  18 wolf spiders
  11 elephants
  A black mamba (Lair:1)
  3 orc warriors
  8 spiny frogs
  2 komodo dragons
  3 centaur skeletons (D:15)
  5 demonic crawlers
  2 kobold demonologists
  A troll (D:13)
  18 jumping spiders
  2 hornets
  A harpy skeleton (D:12)
  5 blink frogs
  A bog body (Swamp:2)
  3 hippogriffs
  17 redbacks
  A vampire (D:12)
  A wyvern (D:10)
  7 tarantellas
  14 yaks
  3 basilisks
  A hungry ghost (D:12)
  A vampire mosquito (Swamp:3)
  A swamp worm (Swamp:2)
  3 water moccasins
  4 porcupines
  2 phantoms
  2 boggarts (D:13)
  3 ogres
  2 wolves (Lair:2)
  A centaur (D:13)
  2 crocodiles (Lair:6)
  2 bullfrogs
  2 killer bees (D:12)
  2 wights
  A howler monkey (D:10)
  A jelly (D:10)
  A hound (D:11)
  3 worker ants
  3 orcs (D:10)
  A kobold (D:12)
  5 bushes
  3 fungi
  15 plants
220 creatures vanquished.

Vanquished Creatures (others)
  An orc high priest (Orc:1)
  9 orc knights
  An orc sorcerer (Orc:1)
  A jumping spider (Spider:3)
  2 slime creatures (Swamp:3)
  A redback (Spider:4)
  4 vampire mosquitoes
  3 orc warriors
  A slave (D:7)
  4 orc priests
  3 orc wizards
  A worker ant (D:7)
  14 orcs
  A briar patch (Swamp:3)
  A fungus (Lair:6)
  2 plants (Lair:6)
  14 toadstools (Lair:6)
63 creatures vanquished.

Grand Total: 1013 creatures vanquished

Notes
Turn   | Place    | Note
-------+----------+-------------------------------------------
     0 | D:1      | Kriby the Hill Orc Fighter began the quest for the Orb.
     0 | D:1      | Reached XP level 1. HP: 19/19 MP: 1/1
   149 | D:1      | Reached skill level 3 in Axes
   192 | D:1      | Reached XP level 2. HP: 27/27 MP: 2/2
   673 | D:2      | Reached XP level 3. HP: 16/33 MP: 3/3
   919 | D:2      | Found a snail-covered altar of Cheibriados.
   943 | D:2      | Found a hazy altar of Hepliaklqana.
   947 | D:2      | Found a radiant altar of Vehumet.
  1009 | D:2      | Found a shattered altar of Ashenzari.
  1015 | D:2      | Noticed Robin
  1057 | D:2      | Reached XP level 4. HP: 28/40 MP: 4/4
  1066 | D:2      | Reached skill level 4 in Axes
  1080 | D:2      | Killed Robin
  1080 | D:2      | Reached skill level 1 in Dodging
  1679 | D:2      | Found a shimmering altar of Xom.
  1680 | D:2      | Found a shimmering altar of Xom.
  1680 | D:2      | Found a shimmering altar of Xom.
  1913 | D:2      | Found a shimmering altar of Xom.
  1918 | D:2      | Found a shimmering altar of Xom.
  1918 | D:2      | Found a shimmering altar of Xom.
  2315 | D:3      | Reached XP level 5. HP: 46/46 MP: 5/5
  2776 | D:3      | Found a sparkling altar of Nemelex Xobeh.
  2923 | D:4      | Reached skill level 5 in Axes
  2970 | D:4      | Reached XP level 6. HP: 50/53 MP: 6/6
  3048 | D:4      | Noticed Dowan
  3049 | D:4      | Noticed Duvessa
  3060 | D:4      | Killed Duvessa
  3065 | D:4      | Killed Dowan
  3317 | D:4      | Found an iron altar of Okawaru.
  3361 | D:4      | Noticed Ijyb
  3376 | D:4      | Killed Ijyb
  3376 | D:4      | Reached XP level 7. HP: 41/60 MP: 7/7
  3377 | D:4      | Found a glowing silver altar of Zin.
  3377 | D:4      | Noticed an angel
  3591 | D:4      | Gained mutation: Armour fits poorly on your strangely shaped body. [potion of mutation]
  3591 | D:4      | Gained mutation: You evolve. [potion of mutation]
  3609 | D:4      | Found a shimmering altar of Xom.
  3612 | D:4      | Reached skill level 5 in Fighting
  3660 | D:4      | Noticed Eustachio
  3672 | D:4      | Killed Eustachio
  3672 | D:4      | Reached skill level 6 in Axes
  3682 | D:4      | Became a worshipper of Beogh the Brigand
  3683 | D:4      | Noticed Grinder
  3692 | D:4      | Paralysed by Grinder for 5 turns
  3704 | D:4      | Killed Grinder
  3767 | D:4      | Reached skill level 7 in Axes
  3943 | D:4      | Found a transporter.
  3945 | D:4      | Noticed a fire bat
  3968 | D:4      | Found a staircase to the Ecumenical Temple.
  3991 | D:4      | Reached skill level 5 in Armour
  4100 | D:4      | Lost mutation: Armour fits poorly on your strangely shaped body. [evolution]
  4135 | D:4      | Reached skill level 5 in Shields
  4135 | D:4      | Reached XP level 8. HP: 54/69 MP: 8/8
  4453 | D:4      | Found a bloodstained altar of Trog.
  4487 | D:4      | Found a transporter.
  4761 | D:5      | Entered Level 5 of the Dungeon
  4804 | D:5      | Found Fots's Weapon Emporium.
  5044 | D:5      | Gained mutation: You are partially covered in rugged brown scales. (AC +1, +3% HP) [evolution]
  5412 | D:5      | Reached skill level 8 in Axes
  5433 | D:5      | Found Bovvatow's Jewellery Boutique.
  5574 | D:5      | Reached * piety under Beogh
  5596 | D:5      | Found a burning altar of Makhleb.
  5983 | D:6      | Found a sand-covered staircase.
  5992 | Ossuary  | Entered an ossuary
  5992 | Ossuary  | Noticed a wraith
  5992 | Ossuary  | Noticed a wraith
  5992 | Ossuary  | Noticed a wraith
  6134 | Ossuary  | Noticed a wraith
  6150 | Ossuary  | Killed a wraith
  6150 | Ossuary  | Reached skill level 9 in Axes
  6150 | Ossuary  | Reached XP level 9. HP: 65/80 MP: 9/9
  6516 | D:6      | Identified the cursed +1 war axe of Tortfeasance {chop, +Fly rN++} (You found it on level 6 of the Dungeon)
  7015 | D:6      | Found a snail-covered altar of Cheibriados.
  7274 | D:7      | Noticed Execuda's ghost (novice GrGl)
  7284 | D:7      | Killed Execuda's ghost
  7323 | D:7      | Noticed Pikel
  7337 | D:7      | Killed Pikel
  7337 | D:7      | Reached skill level 10 in Axes
  7420 | D:7      | Reached ** piety under Beogh
  7474 | D:7      | Noticed Joseph
  7495 | D:7      | Killed Joseph
  7495 | D:7      | Reached XP level 10. HP: 61/88 MP: 10/10
  7743 | D:7      | Found Rusunwa's Book Emporium.
  8298 | D:8      | Reached skill level 11 in Axes
  8352 | D:8      | Gained mutation: You are resistant to hostile enchantments. (MR+) [evolution]
  8964 | D:8      | Found Pokk's Distillery.
  8997 | D:8      | Bought a potion of might for 44 gold pieces
  8997 | D:8      | Bought 2 potions of curing for 66 gold pieces
  8997 | D:8      | Bought a potion of curing for 33 gold pieces
  8997 | D:8      | Bought a potion of heal wounds for 55 gold pieces
  8997 | D:8      | Bought 2 potions of agility for 88 gold pieces
  8997 | D:8      | Bought a potion of mutation for 88 gold pieces
  8997 | D:8      | Bought a potion of curing for 33 gold pieces
  9304 | D:9      | Gained mutation: Your mind is acute. (Int +2) [evolution]
  9425 | D:9      | Found a staircase to the Lair.
  9605 | D:9      | Reached skill level 5 in Dodging
  9613 | D:9      | Reached *** piety under Beogh
  9624 | D:9      | Reached skill level 12 in Axes
 10076 | D:9      | Got a translucent lead ring
 10093 | D:9      | Identified the cursed ring of Uzaotz {rN+++ Str-2 Int+4 Slay-3 Stlth+} (You found it on level 9 of the Dungeon)
 10112 | D:10     | Entered Level 10 of the Dungeon
 10401 | D:10     | Found a staircase to the Orcish Mines.
 10685 | D:10     | Reached XP level 11. HP: 90/97 MP: 11/11
 10865 | D:10     | Killed an unseen horror
 10886 | D:10     | Gained mutation: Your natural rate of healing is unusually fast. [evolution]
 11288 | D:11     | Noticed a two-headed ogre
 11297 | D:11     | Killed a two-headed ogre
 11297 | D:11     | Reached skill level 13 in Axes
 11297 | D:11     | Reached skill level 1 in Invocations
 11353 | D:11     | Noticed a two-headed ogre
 11360 | D:11     | Killed a two-headed ogre
 11466 | D:11     | Reached **** piety under Beogh
 11903 | D:12     | Noticed Frances
 11907 | D:12     | Noticed a sun demon
 11917 | D:12     | Killed Frances
 11917 | D:12     | Reached XP level 12. HP: 74/109 MP: 13/15
 12087 | Lair:1   | Entered Level 1 of the Lair of Beasts
 12131 | Lair:1   | Reached skill level 14 in Axes
 12187 | Lair:1   | Reached skill level 10 in Fighting
 12354 | Lair:1   | Noticed Sonja
 12510 | Lair:1   | Reached ***** piety under Beogh
 12511 | Lair:1   | Noticed a five-headed hydra
 12516 | Lair:1   | Killed a six-headed hydra
 12601 | Lair:1   | Reached skill level 5 in Invocations
 12712 | Lair:1   | Killed Sonja
 13257 | Lair:2   | Gained Wargath as an ally
 13879 | Lair:3   | Found the +9 sword of Zonguldrok {reap}
 14172 | Lair:3   | Found a shimmering altar of Xom.
 14173 | Lair:3   | Noticed Fannar
 14211 | Lair:3   | Killed Fannar
 14236 | Lair:3   | Found a staircase to the Swamp.
 14250 | Lair:3   | Noticed a five-headed hydra
 14255 | Lair:3   | Killed a six-headed hydra
 14255 | Lair:3   | Reached skill level 15 in Axes
 14495 | Lair:3   | Found a hole to the Spider Nest.
 15055 | Lair:4   | Reached skill level 10 in Shields
 15055 | Lair:4   | Reached XP level 13. HP: 117/117 MP: 17/17
 15218 | Lair:4   | Reached skill level 10 in Armour
 16439 | Lair:5   | Reached skill level 16 in Axes
 16777 | Lair:5   | Gained mutation: You have a pair of small horns on your head. [evolution]
 16970 | Lair:6   | Entered Level 6 of the Lair of Beasts
 17505 | Lair:6   | Reached XP level 14. HP: 81/128 MP: 20/20
 18013 | Lair:6   | Noticed a dire elephant
 18024 | Lair:6   | Killed a dire elephant
 18284 | Lair:6   | Found a staircase to the Slime Pits.
 18382 | Lair:6   | Found a blossoming altar of Fedhas.
 18718 | Spider:1 | Entered Level 1 of the Spider Nest
 18903 | Spider:1 | Reached ****** piety under Beogh
 18921 | Spider:1 | Reached skill level 17 in Axes
 19036 | Spider:1 | Gained Brandogh as an ally
 19214 | Spider:1 | Paralysed by a hornet for 1 turns
 20241 | Spider:3 | Noticed an entropy weaver
 20254 | Spider:3 | Killed an entropy weaver
 20254 | Spider:3 | Reached skill level 10 in Invocations
 20420 | Spider:3 | Killed a ghost moth
 20420 | Spider:3 | Reached XP level 15. HP: 52/138 MP: 0/22
 20712 | Spider:3 | Noticed an emperor scorpion
 20731 | Spider:3 | Killed an emperor scorpion
 21052 | Spider:3 | Reached skill level 18 in Axes
 21406 | Spider:4 | Entered Level 4 of the Spider Nest
 21800 | Spider:4 | Noticed an emperor scorpion
 21819 | Spider:4 | Killed an emperor scorpion
 21994 | Spider:4 | Noticed an emperor scorpion
 22035 | Spider:4 | Killed an emperor scorpion
 22090 | Spider:4 | Noticed an emperor scorpion
 22100 | Spider:4 | Noticed an emperor scorpion
 22102 | Spider:4 | Killed an emperor scorpion
 22111 | Spider:4 | Killed a ghost moth
 22116 | Spider:4 | Killed an emperor scorpion
 22131 | Spider:4 | Your ally Brandogh died
 22136 | Spider:4 | Killed a ghost moth
 22178 | Spider:4 | Noticed an emperor scorpion
 22186 | Spider:4 | Noticed an emperor scorpion
 22198 | Spider:4 | Killed an emperor scorpion
 22201 | Spider:4 | Killed a ghost moth
 22203 | Spider:4 | Killed an emperor scorpion
 22367 | Spider:4 | Noticed an emperor scorpion
 22384 | Spider:4 | Killed an emperor scorpion
 22420 | Spider:4 | HP: 5/140 [something (6)]
 22430 | Spider:4 | Killed a ghost moth
 22591 | Spider:4 | Got a gossamer rune of Zot
 23226 | D:12     | Found a snail-covered altar of Cheibriados.
 23330 | D:12     | Noticed Nessos
 23346 | D:12     | Your ally Brandogh died
 23711 | D:12     | Lost mutation: Your mind is acute. (Int +2) [evolution]
 23711 | D:12     | Lost mutation: You evolve. [end of evolution]
 23742 | D:12     | Killed Nessos
 23742 | D:12     | Reached XP level 16. HP: 148/148 MP: 24/24
 23818 | D:12     | Gained Gorbash as an ally
 23898 | D:12     | Noticed Urug
 23911 | D:12     | Killed Urug
 24540 | D:13     | Reached skill level 19 in Axes
 25438 | D:14     | Found Pegab's General Store.
 25450 | D:14     | Bought a potion of berserk rage for 60 gold pieces
 25450 | D:14     | Bought a +0 broad axe for 48 gold pieces
 25450 | D:14     | Bought a scroll of enchant armour for 90 gold pieces
 25450 | D:14     | Bought a potion of heal wounds for 60 gold pieces
 25453 | D:14     | Reached XP level 17. HP: 154/154 MP: 25/25
 25612 | D:14     | Noticed Louise
 25624 | D:14     | Killed Louise
 26108 | D:15     | Entered Level 15 of the Dungeon
 26124 | D:15     | Gained Gorm as an ally
 26155 | D:15     | Found a frozen archway.
 26195 | IceCv    | Entered an ice cave
 27164 | D:15     | Gained Wulfoc as an ally
 27368 | D:15     | Found a staircase to the Depths.
 27377 | D:15     | Reached skill level 10 in Dodging
 27649 | D:15     | Noticed Rupert
 27671 | D:15     | Killed Rupert
 27970 | D:15     | Noticed Roxanne
 27985 | D:15     | Killed Roxanne
 28366 | Swamp:1  | Entered Level 1 of the Swamp
 29490 | Swamp:2  | Got a scorched ivory amulet
 29491 | Swamp:2  | Identified the amulet of the Original Sin {Acrobat Str+3 Dex+4} (You found it on level 2 of the Swamp)
 29696 | Swamp:2  | Gained Bolgrim as an ally
 30487 | Swamp:3  | Noticed Aizul
 30501 | Swamp:3  | Your ally Bolgrim died
 30519 | Swamp:3  | Reached XP level 18. HP: 54/165 MP: 16/27
 30550 | Swamp:3  | Killed Aizul
 31091 | Swamp:3  | Gained Okrist as an ally
 31556 | Swamp:4  | Entered Level 4 of the Swamp
 31662 | Swamp:4  | Noticed the 27-headed Lernaean hydra
 31933 | Swamp:4  | Killed the 23-headed Lernaean hydra
 31967 | Swamp:4  | Reached skill level 15 in Shields
 32018 | Swamp:4  | Your ally Okrist died
 32380 | Swamp:4  | Reached skill level 15 in Fighting
 33050 | Swamp:4  | Noticed Nikola
 33259 | Swamp:4  | Killed Nikola
 33490 | Swamp:4  | Got a decaying rune of Zot
 33506 | Swamp:4  | Got a jewelled chain mail
 33507 | Swamp:4  | Identified the +8 chain mail of the Little Devil {rN+ rCorr Str+3 Int-3} (You found it on level 4 of the Swamp)
 33743 | Orc:1    | Entered Level 1 of the Orcish Mines
 33931 | Orc:1    | Found Taighac's Weapon Boutique.
 33931 | Orc:1    | Found Resya's Book Shoppe.
 33934 | Orc:1    | Found Wiupp's Jewellery Shop.
 33934 | Orc:1    | Found Ositokuf's Food Shoppe.
 33956 | Orc:1    | Your ally Gorbash died
 33974 | Orc:1    | Annihilated by an orc knight

Vault maps used:
D:1:      tarquinn_simple_flora_water_a
D:2:      grunt_temple_overflow_open, xom_redecorated, uniq_robin
D:3:      marbit_many_paths, first_ration
D:4:      gammafunk_cloud_chamber, grunt_temple_overflow_order_and_chaos_1,
          okawaru_ov_weapons_minmay, bloody_trog, minmay_temple_entry_hall,
          uniq_eustachio, uniq_grinder, uniq_ijyb, uniq_duvessa
D:5:      makhleb_blood_cavern_becter, serial_shops, shop, kennysheep_mini_moat,
          saegor_snake_ambush
D:6:      enter_ossuary_3, minmay_misc_feat_cross, chei_slow_surprise
D:7:      serial_shops, nicolae_shop_temple_entry_statues_fountains, uniq_pikel,
          uniq_joseph
D:8:      serial_shops, shop
D:9:      lair_entry_dummy, david_nohive_1
D:10:     orc_0_dummy
D:12:     basic_altar, uniq_urug, uniq_frances, uniq_nessos
D:13:     serial_glass, glass_columns_a, glass_columns_c, glass_columns_a,
          glass_columns_b, glass_columns_b, glass_columns_c, disabler_island
D:14:     grunt_vaults_entry_fortified, dk_noncrumbling_3, serial_shops, shop,
          minivault_10, uniq_louise
D:15:     grunt_enter_depths_hoard, portal_ice_cave_entry_ice_beasts,
          minmay_misc_feat_x, hangedman_weighted_door, minivault_25_ag,
          uniq_rupert, uniq_roxanne
Lair:1:   uniq_sonja
Lair:2:   guppyfry_lair_drakes, infiniplex_staircase_pool
Lair:3:   swamp_mist, spider_nest_entry_a, basic_altar, beast_lair_carwin_7,
          grunt_megastairs_1, uniq_fannar
Lair:4:   infiniplex_staircase_pool_2, grunt_megastairs_2, serial_bayou_shore_b
Lair:6:   grunt_lair_end_beastmaster, dpeg_slime_entry_corner, tgw_fedhas
Swamp:1:  evilmike_swamp_ruin_house_2
Swamp:2:  evilmike_swamp_ruin_house_4
Swamp:3:  nicolae_swamp_round_clearing, uniq_aizul
Swamp:4:  swamp_old_school, uniq_nikola
Spider:1: spider_trap
Spider:4: grunt_spider_rune_circles
Orc:1:    cheibrodos_orc_arena, guppyfry_orc_lava_fort
Ossuary:  ossuary_kennysheep_city_of_the_dead
IceCv:    ice_cave_small_giant

Skill      XL: |  1  2  3  4  5  6  7  8  9 10 11 12 13 14 15 16 17 18 |
---------------+-------------------------------------------------------+-----
Axes           | 3 4 5 7 9 10 12 13 15 16 17 18 19 | 19.0
Fighting       | 4 5 6 7 8 9 10 11 12 13 14 15 | 15.1
Dodging        | 1 2 3 4 5 6 7 8 9 10 11 | 11.0
Shields        | 4 5 6 7 8 9 10 11 12 13 14 15 | 15.1
Armour         | 4 5 6 7 8 9 10 11 12 13 14 | 14.0
Invocations    | 4 6 8 10 11 13 14 | 14.0

Action                   |  1- 3 |  4- 6 |  7- 9 | 10-12 | 13-15 | 16-18 || total
-------------------------+-------+-------+-------+-------+-------+-------++-------
Melee: War axe           |    70 |   207 |   403 |   626 |   990 |  1027 ||  3323
       Headbutt          |       |       |       |       |   219 |   240 ||   459
Invok: Convert to Beogh  |       |       |     1 |       |       |       ||     1
       Smiting           |       |       |       |     3 |     4 |     5 ||    12
       Recall Orcish Fol |       |       |       |     1 |     3 |     1 ||     5
       Resurrection      |       |       |       |       |     2 |     2 ||     4
       Give Item to Name |       |       |       |       |     1 |     2 ||     3
       Stop Recall       |       |       |       |       |     1 |       ||     1
Evoke: Wand              |       |       |     4 |    19 |    18 |     8 ||    49
       Lamp of fire      |       |       |       |       |     3 |     2 ||     5
  Use: Potion            |       |     1 |    10 |     3 |    19 |    16 ||    49
       Scroll            |       |       |    16 |     5 |     6 |    18 ||    45
 Stab: Paralysed         |       |       |     1 |       |       |       ||     1
       Distracted        |       |       |       |     3 |    10 |     2 ||    15
       Petrified         |       |       |       |       |    11 |       ||    11
  Eat: Chunk             |       |     8 |    11 |    23 |    18 |    16 ||    76
       Ration            |       |       |     1 |       |     3 |     5 ||     9
Armor: Scale mail        |    40 |    62 |       |       |       |       ||   102
       Chain mail        |       |    64 |   204 |       |       |       ||   268
       Plate armour      |       |       |    36 |   342 |   560 |   194 ||  1132
       Swamp dragon scal |       |       |       |       |       |   212 ||   212
       Fire dragon scale |       |       |       |       |       |    25 ||    25
Dodge: Dodged            |    41 |    72 |   101 |   151 |   294 |   426 ||  1085
Block: Shield            |    38 |   106 |   193 |   315 |   558 |   719 ||  1929

Table legend:
 A = Spawn XP
 B = Non-spawn XP
 C = Spawn XP percentage of total XP
 D = Spawn monster count
 E = Non-spawn monster count
 F = Spawn count percentage of total count
 G = Total turns spent on level
                    A         B        C        D         E        F      G
               +---------+---------+-------+---------+---------+-------+---------
         Total |       0 |  236831 |   0.0 |       0 |     907 |   0.0 | 33974
               +---------+---------+-------+---------+---------+-------+---------
           D:1 |       0 |      16 |   0.0 |       0 |      10 |   0.0 |   652
           D:2 |       0 |     135 |   0.0 |       0 |      33 |   0.0 |  1440
           D:3 |       0 |      75 |   0.0 |       0 |      17 |   0.0 |   788
           D:4 |       0 |    1081 |   0.0 |       0 |      25 |   0.0 |  1881
           D:5 |       0 |     650 |   0.0 |       0 |      28 |   0.0 |   999
           D:6 |       0 |     531 |   0.0 |       0 |      21 |   0.0 |   958
           D:7 |       0 |    1991 |   0.0 |       0 |      11 |   0.0 |   968
           D:8 |       0 |    1288 |   0.0 |       0 |      25 |   0.0 |   961
           D:9 |       0 |    2629 |   0.0 |       0 |      47 |   0.0 |  1076
          D:10 |       0 |    1964 |   0.0 |       0 |      21 |   0.0 |  1246
          D:11 |       0 |    5823 |   0.0 |       0 |      35 |   0.0 |   758
          D:12 |       0 |    9067 |   0.0 |       0 |      35 |   0.0 |  1243
          D:13 |       0 |    4933 |   0.0 |       0 |      19 |   0.0 |  1069
          D:14 |       0 |    6495 |   0.0 |       0 |      12 |   0.0 |   934
          D:15 |       0 |   14798 |   0.0 |       0 |      45 |   0.0 |  1279
        Lair:1 |       0 |    4403 |   0.0 |       0 |      18 |   0.0 |   844
        Lair:2 |       0 |    3017 |   0.0 |       0 |      22 |   0.0 |  1087
        Lair:3 |       0 |    5270 |   0.0 |       0 |      18 |   0.0 |  1376
        Lair:4 |       0 |    8423 |   0.0 |       0 |      31 |   0.0 |   874
        Lair:5 |       0 |    6176 |   0.0 |       0 |      21 |   0.0 |  1089
        Lair:6 |       0 |   15618 |   0.0 |       0 |      47 |   0.0 |  1677
       Swamp:1 |       0 |    7990 |   0.0 |       0 |      22 |   0.0 |   821
       Swamp:2 |       0 |   10611 |   0.0 |       0 |      25 |   0.0 |  1352
       Swamp:3 |       0 |   16955 |   0.0 |       0 |      42 |   0.0 |  1487
       Swamp:4 |       0 |   29653 |   0.0 |       0 |      45 |   0.0 |  1581
      Spider:1 |       0 |    8438 |   0.0 |       0 |      32 |   0.0 |   727
      Spider:2 |       0 |    9204 |   0.0 |       0 |      38 |   0.0 |   637
      Spider:3 |       0 |   14359 |   0.0 |       0 |      42 |   0.0 |  1291
      Spider:4 |       0 |   30088 |   0.0 |       0 |      59 |   0.0 |  1389
         Orc:1 |       0 |    4315 |   0.0 |       0 |      12 |   0.0 |   231
       Ossuary |       0 |     367 |   0.0 |       0 |      13 |   0.0 |   477
         IceCv |       0 |   10468 |   0.0 |       0 |      36 |   0.0 |   782
               +---------+---------+-------+---------+---------+-------+---------
